 Dungeon Crawl Stone Soup version 0.24.0-28-g17ded55e90 (webtiles) character file.

Game seed: 9629640106738726338, levelgen mode: deterministic

14252 Arum the Nimble (level 12, -7/80 HPs)
             Began as a Tengu Gladiator on Nov 11, 2019.
             Was an Initiate of Gozag.
             Mangled by a six-headed hydra (8 damage)
             ... in a Gauntlet.
             The game lasted 00:25:36 (13611 turns).

Arum the Nimble (Tengu Gladiator)                  Turns: 13611, Time: 00:25:36

Health: -7/80      AC:  8    Str: 15    XL:     12   Next: 14%
Magic:  13/13      EV: 28    Int:  9    God:    Gozag
Gold:   2646       SH:  0    Dex: 25    Spells: 11/11 levels left

rFire    . . .     SeeInvis .   a - +0 long sword
rCold    . . .     Gourm    .   (no shield)
rNeg     . . .     Faith    .   P - +0 scale mail
rPois    .         Spirit   .   c - +0 hat
rElec    .         Reflect  .   g - +0 cloak
rCorr    .         Harm     .   h - +0 pair of gloves
MR       +....     Clarity  +   (boots unavailable) Stlth ++........NoTele +
                                C - amulet of rage
HPRegen  0.23/turn              L - ring of teleportation (curse)
MPRegen  0.13/turn              u - ring of protection from magic

@: agile, flying quickly and evasively, hasted, invisible, very quick
A: beak, talons 3, clarity, subdued magic 1, able to fly
a: Stop Flying, Potion Petition, Call Merchant, Bribe Branch, Renounce Religion,
Evoke Berserk Rage


You were in a Gauntlet.
You worshipped Gozag.
Gozag was most pleased with you.
You were not hungry.

You visited 1 branch of the dungeon, and saw 14 of its levels.
You also visited: Sewer and Gauntlet.

You collected 3292 gold pieces.
You paid 646 gold pieces to Gozag.

Inventory:

Hand Weapons
 a - a +0 long sword (weapon)
 w - a +5 great sword of freezing
Missiles
 d - 3 throwing nets
 t - 34 poisoned darts (quivered)
 x - 9 curare-tipped darts
 z - 13 javelins
 K - 6 atropa-tipped darts
Armour
 c - a +0 hat (worn)
 g - a +0 cloak (worn)
 h - a +0 pair of gloves (worn)
 P - a +0 scale mail (worn)
Jewellery
 b - a +3 ring of strength {unknown}
 e - the ring of Nomnizih {Ice MR+ Str-2 Int+2 Dex+2}
   (You found it in a Gauntlet)

   [ring of ice]

   It enhances your ice magic.
   It affects your strength (-2).
   It affects your intelligence (+2).
   It affects your dexterity (+2).
   It makes you vulnerable to fire.
   It protects you from cold.
   It affects your resistance to hostile enchantments.
 r - an uncursed ring of ice
 u - a ring of protection from magic (right hand)
 C - an amulet of rage (around neck)
 L - a cursed ring of teleportation (left hand)
Wands
 H - a wand of random effects (13)
 I - a wand of disintegration (1)
 J - a wand of paralysis (11)
Scrolls
 k - a scroll of vulnerability {unknown}
 m - 3 scrolls of remove curse
 n - 2 scrolls of fear {unknown}
 o - 4 scrolls of identify
 p - 4 scrolls of teleportation {unknown}
 q - a scroll of magic mapping
 s - 3 scrolls of enchant armour {unknown}
 y - a scroll of fog {unknown}
 E - a scroll of blinking {unknown}
 F - a scroll of amnesia {unknown}
 G - a scroll of noise {unknown}
 M - a scroll of immolation {unknown}
 O - a scroll of random uselessness {unknown}
Potions
 i - 2 potions of magic
 j - 4 potions of curing
 l - 3 potions of mutation
 v - 4 potions of flight
 A - a potion of lignification
Comestibles
 f - 4 rations


   Skills:
 + Level 11.3 Fighting
 + Level 12.4 Long Blades
 - Level 2.0 Throwing
 + Level 12.4 Dodging


You had 11 spell levels left.
You didn't know any spells.
Your spell library contained the following spells:

 Spells                   Type           Power        Failure   Level  Hunger
 Animate Skeleton         Necr           N/A          83%         1    ##.....
 Apportation              Tloc           #.....       83%         1    ##.....
 Confusing Touch          Hex            #.....       83%         1    ##.....
 Freeze                   Ice            #...         83%         1    ##.....
 Summon Butterflies       Summ           #.......     83%         1    ##.....
 Summon Small Mammal      Summ           #...         83%         1    ##.....
 Throw Frost              Conj/Ice       #.....       93%         2    ###....
 Call Canine Familiar     Summ           #.......     99%         3    ####...
 Ozocubu's Armour         Chrm/Ice       #.......     99%         3    ####...
 Recall                   Summ/Tloc      N/A          99%         3    ####...
 Animate Dead             Necr           N/A          100%        4    #####..
 Summon Ice Beast         Ice/Summ       #.......     100%        4    #####..
 Throw Icicle             Conj/Ice       #.......     100%        4    #####..
 Borgnjor's Vile Clutch   Necr/Erth      #.........   100%        5    ######.
 Summon Mana Viper        Hex/Summ       #.......     100%        5    ######.
 Death Channel            Necr           #.........   100%        6    #######
 Simulacrum               Ice/Necr       #.........   100%        6    #######
 Summon Hydra             Summ           #.........   100%        7    #######


Dungeon Overview and Level Annotations

Branches:
Dungeon (14/15)            Temple (0/1) D:6            Lair (0/6) D:9
    Orc (0/2) D:12          Sewer (visited)         Gauntlet (1/1)
 Vaults: D:13-14

Altars:
Ashenzari
Elyvilon
Fedhas
Gozag
Makhleb
Nemelex Xobeh
Okawaru
Qazlal
Ru
Trog
Vehumet
Wu Jian
Yredelemnul
Zin

Shops:
D:2 *   D:7 [   D:11 (   D:12 (

Annotations:
D:14 1 runed translucent door Gauntlet 9 transporters


Innate Abilities, Weirdness & Mutations

You have a beak for a mouth.
You have claws for feet.
You can fly continuously.
You possess an exceptional clarity of mind.
Your spells are a little easier to cast, but a little less powerful.


Message History

Unknown command.
Unknown command.
Unknown command.
Unknown command.
Unknown command.
Unknown command.
Unknown command.
Unknown command.
Unknown command. [a] - 650 gold - might, agility, brilliance, haste and flight [b] - 308 gold - resistance and agility [c] - 625 gold - haste, agility, flight and invisibility Purchase which effect?
You no longer have enough gold to bribe branches to halt enemies' attacks and recruit allies.
You feel yourself speed up.
You feel agile all of a sudden.
You feel more buoyant.
You fade into invisibility!
The six-headed hydra misses you. x2; The six-headed hydra bites you!
You die...
Your body crumbles into a pile of gold.

#######...............≈##..
..............8.....8.## #.
.8.....8...............##
.........###########...≈#
######...#$[=......#...##
...###...#.######..#...§#
#.##########....##.#...##
#....#...##.####.#.#...≈#
.©.#©#©8©#.##.©.@#w#.8.##
..##[#...#.#.####D##...≈#
#.##.#####.##....###...##
.....#...#..######©#...≈#
######...#........##...##
.........###########...≈#
.8.....8..............§##
..............8......8.§#
≈#≈#≈#≈#...............##


You could see a six-headed hydra and a torpor snail.

Vanquished Creatures
  3 two-headed ogres
  2 glowing orange brains (Gauntlet)
  An ugly thing (Gauntlet)
  A komodo dragon (D:9)
  A kobold demonologist (D:12)
  Grinder (Sewer)
  Prince Ribbit (D:7)
  2 hippogriffs
  10 yaks
  Eustachio (D:6)
  2 steam dragons
  2 hungry ghosts (D:12)
  Menkaure (D:5)
  An acid dragon (D:12)
  A hornet zombie (D:7)
  7 orc warriors
  4 sky beasts
  6 ice beasts
  2 black bears (D:8)
  3 phantoms
  A necrophage (Sewer)
  11 ogres
  9 centaurs
  3 big kobolds
  5 bullfrogs
  A wyvern zombie (D:12)
  5 scorpions
  A water moccasin skeleton (D:7)
  11 killer bees
  An electric eel (D:12)
  5 wights
  6 howler monkeys
  4 crimson imps
  9 orc priests
  2 jellies
  6 hounds
  16 orc wizards
  Jessica (D:2)
  4 iguanas
  5 worker ants
  A killer bee zombie (D:7)
  4 big kobold zombies (Sewer)
  A hound zombie (D:8)
  12 adders
  12 gnolls
  A howler monkey skeleton (D:5)
  5 shadow imps
  An ufetubus (Sewer)
  2 oozes
  3 worms
  2 dart slugs
  6 leopard geckos
  69 orcs
  7 giant cockroaches
  5 goblins
  6 hobgoblins
  19 jackals
  4 quokkas
  9 bats
  4 frilled lizards
  36 kobolds
  5 rats
372 creatures vanquished.

Vanquished Creatures (others)
  A demonic plant (Gauntlet)
  2 plants (D:9)
3 creatures vanquished.

Grand Total: 375 creatures vanquished

Notes
Turn   | Place    | Note
-------+----------+-------------------------------------------
     0 | D:1      | Arum the Tengu Gladiator began the quest for the Orb.
     0 | D:1      | Reached XP level 1. HP: 12/12 MP: 2/2
   320 | D:1      | Reached XP level 2. HP: 17/17 MP: 3/3
   454 | D:1      | Reached XP level 3. HP: 12/22 MP: 4/4
   994 | D:2      | Found a shattered altar of Ashenzari.
  1375 | D:2      | Reached XP level 4. HP: 27/27 MP: 5/5
  1384 | D:2      | Found Gozag's Platinum Reserve.
  1384 | D:2      | Found an opulent altar of Gozag.
  1394 | D:2      | Noticed Jessica
  1397 | D:2      | Became a worshipper of Gozag Ym Sagoz the Greedy
  1402 | D:2      | Killed Jessica
  1856 | D:3      | Found a stormy altar of Qazlal.
  1916 | D:3      | Found an ornate altar of the Wu Jian Council.
  2071 | D:3      | Gained mutation: You can fly continuously. [Tengu growth]
  2071 | D:3      | Reached XP level 5. HP: 20/32 MP: 6/6
  2568 | D:4      | Found a glowing silver altar of Zin.
  2595 | D:4      | Reached skill level 5 in Long Blades
  2595 | D:4      | Reached skill level 5 in Dodging
  2595 | D:4      | Reached XP level 6. HP: 34/38 MP: 7/7
  3589 | D:4      | Reached XP level 7. HP: 39/44 MP: 8/8
  3727 | D:5      | Entered Level 5 of the Dungeon
  4164 | D:5      | Reached skill level 5 in Fighting
  4220 | D:5      | Noticed Menkaure
  4232 | D:5      | Killed Menkaure
  4232 | D:5      | Reached XP level 8. HP: 11/49 MP: 9/9
  5077 | D:6      | Found a glowing drain.
  5081 | Sewer    | Entered a sewer
  5334 | Sewer    | Found an ancient bone altar of Kikubaaqudgha.
  5582 | Sewer    | Noticed Grinder
  5601 | Sewer    | Killed Grinder
  5601 | Sewer    | Reached XP level 9. HP: 53/56 MP: 10/10
  5975 | D:6      | Found a burning altar of Makhleb.
  5987 | D:6      | Found a staircase to the Ecumenical Temple.
  6020 | D:6      | Noticed Eustachio
  6041 | D:6      | Killed Eustachio
  6554 | D:6      | Found a basalt altar of Yredelemnul.
  6554 | D:6      | Found a radiant altar of Vehumet.
  6555 | D:6      | Found a sacrificial altar of Ru.
  6843 | D:7      | Found a blossoming altar of Fedhas.
  7010 | D:7      | Found Apram's Armour Shop.
  7342 | D:7      | Found a sparkling altar of Nemelex Xobeh.
  7766 | D:7      | Noticed Prince Ribbit
  7782 | D:7      | Killed Prince Ribbit
  7782 | D:7      | Reached XP level 10. HP: 64/64 MP: 11/11
  8981 | D:9      | Found a white marble altar of Elyvilon.
  9000 | D:9      | Reached skill level 10 in Long Blades
  9000 | D:9      | Reached skill level 10 in Dodging
  9231 | D:9      | Found a bloodstained altar of Trog.
  9246 | D:9      | Found a staircase to the Lair.
  9677 | D:9      | Found an iron altar of Okawaru.
  9727 | D:9      | Noticed a two-headed ogre
  9765 | D:9      | Killed a two-headed ogre
 10051 | D:9      | Reached XP level 11. HP: 64/72 MP: 12/12
 10693 | D:10     | Entered Level 10 of the Dungeon
 10967 | D:10     | Reached skill level 10 in Fighting
 11447 | D:10     | Noticed a two-headed ogre
 11459 | D:10     | Killed a two-headed ogre
 12167 | D:11     | Found a sacrificial altar of Ru.
 12380 | D:11     | Found Qyihitoe's Antique Weapon Boutique.
 12505 | D:11     | You are sucked into a shaft and drop 3 floors!
 12521 | D:14     | Found a runed translucent door.
 12525 | D:14     | Noticed a centaur warrior
 12549 | D:14     | Noticed a cyclops
 12635 | D:13     | Noticed a four-headed hydra
 12645 | D:12     | Noticed a two-headed ogre
 12684 | D:12     | Killed a two-headed ogre
 12889 | D:12     | Found Vokhepuq's Weapon Shoppe.
 12947 | D:12     | Found a gate leading to a gauntlet.
 12966 | Gauntlet | Entered a Gauntlet
 12966 | Gauntlet | Found a transporter.
 12970 | Gauntlet | Noticed a sixfirhy
 12971 | Gauntlet | Found a transporter.
 12972 | Gauntlet | Noticed a sixfirhy
 12973 | Gauntlet | Noticed a sixfirhy
 13211 | Gauntlet | Found the +2 hat of the Bear Spirit {Spirit, +Rage rN+
                  | MR++}
 13211 | Gauntlet | Found a transporter.
 13214 | Gauntlet | Found a transporter.
 13219 | Gauntlet | Noticed a death yak
 13221 | Gauntlet | Noticed a death yak
 13221 | Gauntlet | Noticed a death yak
 13226 | Gauntlet | Noticed a necromancer
 13227 | Gauntlet | Noticed a death yak
 13230 | Gauntlet | Found a transporter.
 13250 | Gauntlet | Found a transporter.
 13254 | Gauntlet | Found a transporter.
 13257 | Gauntlet | Noticed a hell hog
 13258 | Gauntlet | Found a transporter.
 13273 | Gauntlet | Noticed a six-headed hydra
 13282 | Gauntlet | Found a transporter.
 13283 | Gauntlet | Noticed a death ooze
 13293 | Gauntlet | Found a transporter.
 13311 | Gauntlet | Found a transporter.
 13314 | Gauntlet | Noticed a glowing orange brain
 13317 | Gauntlet | Noticed a glowing orange brain
 13323 | Gauntlet | Found a transporter.
 13332 | Gauntlet | Noticed a cyan ugly thing
 13372 | Gauntlet | Gained mutation: Your spells are a little easier to cast,
                  | but a little less powerful. [potion of mutation]
 13372 | Gauntlet | Gained mutation: You possess an exceptional clarity of
                  | mind. [potion of mutation]
 13409 | Gauntlet | Noticed a wizard
 13412 | Gauntlet | Noticed a fire crab
 13412 | Gauntlet | Killed a cyan ugly thing
 13412 | Gauntlet | Reached XP level 12. HP: 40/80 MP: 13/13
 13437 | Gauntlet | Got a smoking pewter ring
 13442 | Gauntlet | Identified the ring of Nomnizih {Ice MR+ Str-2 Int+2 Dex+2}
                  | (You found it in a Gauntlet)
 13610 | Gauntlet | HP: 4/80 [six-headed hydra (11)]
 13610 | Gauntlet | HP: 1/80 [six-headed hydra (3)]
 13611 | Gauntlet | Mangled by a six-headed hydra

Levels and vault maps discovered:
D:1:      evilmike_arrival_crescent, layout_basic
D:2:      layout_basic, nicolae_gozag_zags_fifth_avenue,
          ashenzari_conservatory_becter, uniq_jessica
D:3:      layout_basic, old_standard_altar, nicolae_qazlal_eye_of_the_storm
D:4:      layout_layer_cave, nicolae_overflow_crystal_walls, first_ration,
          due_unseen_surprise
D:5:      cheibrodos_helix_gallery, layout_basic, minmay_misc_feat_x,
          uniq_menkaure
D:6:      layout_loops_ring, gammafunk_temple_overflow_claw,
          minmay_temple_entry_tees, gup_sewer_entry_bowl, kennysheep_cross_room,
          minivault_1, makhleb_heckhound_becter, uniq_eustachio
D:7:      layout_basic, fedhas_altar_4, nemelex_altar_shiori, serial_shops,
          shop, uniq_prince_ribbit1
D:8:      layout_loops_ring
D:9:      layout_stronghold, nicolae_overflow_hidden_temple,
          lightli_temple_of_fire, david_lair_shrubbed, basic_altar
D:10:     layout_long_grid
D:11:     layout_roguey, serial_shops, shop_coins, grunt_pizzeria,
          nicolae_ru_sacrificial_ziggurat
D:12:     layout_loops_ring, erik_orc_2, serial_shops, shop,
          gauntlet_entry_generic
D:13:     layout_layer_cave, skrybe_vaults_entry_preservation
D:14:     layout_cave_pools, nicolae_benzene_ring, lightli_airlock
Gauntlet: minmay_gauntlet_mixed_oops_all_seconds
          [minmay_gauntlet_arena_77_two_paths, gammafunk_gauntlet_arena_crates,
          minmay_gauntlet_arena_77_p_blocks, gammafunk_gauntlet_arena_corners,
          minmay_gauntlet_arena_77_box, gammafunk_gauntlet_arena_spirals,
          gauntlet_exit_spiral]

Skill      XL: |  1  2  3  4  5  6  7  8  9 10 11 |
---------------+----------------------------------+-----
Long Blades    | 4 5 6 7 9 10 12 | 12.4
Dodging        | 4 5 6 7 9 10 12 | 12.4
Fighting       | 3 4 5 6 8 9 11 | 11.3
Throwing       | |  2.0

Action                   |  1- 3 |  4- 6 |  7- 9 | 10-12 || total
-------------------------+-------+-------+-------+-------++-------
Melee: Long sword        |    57 |    98 |   366 |   573 ||  1094
       Kick              |    14 |    38 |   171 |   275 ||   498
       Peck              |     8 |    19 |    92 |   190 ||   309
Throw: Dart              |       |     1 |    24 |    30 ||    55
       Throwing net      |       |       |     2 |       ||     2
Invok: Potion Petition   |       |     1 |       |     1 ||     2
 Abil: Fly               |       |     1 |       |       ||     1
Evoke: Wand              |       |       |       |    30 ||    30
  Use: Scroll            |       |     2 |       |     2 ||     4
       Potion            |       |       |    10 |    11 ||    21
 Stab: Sleeping          |     2 |       |       |       ||     2
       Distracted        |       |       |     2 |     5 ||     7
       Confused          |       |       |       |     3 ||     3
  Eat: Chunk             |     1 |     1 |       |       ||     2
       Ration            |       |     2 |     4 |     7 ||    13
Armor: Leather armour    |    26 |       |       |       ||    26
       Ring mail         |     1 |    33 |    78 |    38 ||   150
       Scale mail        |       |       |       |    17 ||    17
Dodge: Dodged            |    48 |    66 |   344 |   509 ||   967
       Rpst.: Long sword |    15 |    20 |   103 |   134 ||   272
